 Dungeon Crawl Stone Soup version 0.29-a0-371-g91724d5b39 (webtiles) character file.

Game seed: 2197454376656033185

40674 Sweeb the Fencer (level 14, 0/96 HPs)
             Began as a Tengu Gladiator on May 3, 2022.
             Was the Champion of Dithmenos.
             Killed from afar by a steam dragon (14 damage)
             ... with a ball of steam
             ... on level 5 of the Lair of Beasts.
             The game lasted 00:30:54 (18689 turns).

Sweeb the Fencer (Tengu Gladiator)                 Turns: 18689, Time: 00:30:55

Health: 0/96       AC:  9    Str: 12    XL:     14   Next: 12%
Magic:  20/20      EV: 30    Int: 13    God:    Dithmenos [******]
Gold:   526        SH:  4    Dex: 23    Spells: 13/13 levels left

rFire   . . .      SeeInvis .   a - +3 long sword (flame)
rCold   + . .      Faith    +   (no shield)
rNeg    + . .      Spirit   .   r - +2 robe of Vexation {rN+ Will+ Dex+4 Stlth+}
rPois   .          Reflect  .   c - +1 hat
rElec   +          Harm     .   (no cloak)
rCorr   +          Rampage  .   (no gloves)
Will    ++...                   (boots unavailable) Stlth *+++++++++
                                k - amulet of faith
HPRegen 0.26/turn               f - ring of Aruplutepn {rElec rC+ rCorr AC+4 Str-3}
MPRegen 0.17/turn               q - ring "Perigekh" {EV+4 Int+3}

@: flying quickly and evasively, wreathed by umbra, quick
A: beak, talons 3, nimble flight, large bone plates 1, robust 1
a: Renounce Religion, Shadow Step, Shadow Form


You were on level 5 of the Lair of Beasts.
You worshipped Dithmenos.
Dithmenos was exalted by your worship.
You visited 3 branches of the dungeon, and saw 16 of its levels.

You collected 922 gold pieces.
You spent 396 gold pieces at shops.

Inventory:

Hand Weapons
 a - a +3 long sword of flaming (weapon)
Missiles
 e - 7 javelins (quivered)
 C - a throwing net
Armour
 b - a +0 leather armour
 c - a +1 hat (worn)
 m - a +0 leather armour of poison resistance
 r - the +2 robe of Vexation (worn) {rN+ Will+ Dex+4 Stlth+}
   (You found it on level 6 of the Dungeon)

   Dex:       It affects your dexterity (+4).
   rN:        It protects you from negative energy.
   Will:      It increases your willpower.
   Stlth:     It makes you more stealthy.
Jewellery
 f - the ring of Aruplutepn (left hand) {rElec rC+ rCorr AC+4 Str-3}
   (You acquired it on level 4 of the Dungeon)

   [ring of protection]

   AC:        It affects your AC (+4).
   Str:       It affects your strength (-3).
   rC:        It protects you from cold.
   rElec:     It insulates you from electricity.
   rCorr:     It protects you from acid and corrosion.
 g - a ring of protection from fire
 h - a ring of see invisible
 k - an amulet of faith (around neck)
 l - a ring of willpower
 o - the ring of Ylep {Wiz *Slow rF+ rC+ Dex+2}
   (You took it off a centaur warrior on level 9 of the Dungeon)

   [ring of wizardry]

   It improves your spell success rate.
   Dex:       It affects your dexterity (+2).
   rF:        It protects you from fire.
   rC:        It protects you from cold.
   *Slow:     It may slow you when you take damage.
 q - the ring "Perigekh" (right hand) {EV+4 Int+3}
   (You took it off a meliai on level 9 of the Dungeon)

   [ring of evasion]

   EV:        It affects your evasion (+4).
   Int:       It affects your intelligence (+3).
 y - a ring of wizardry
Wands
 p - a wand of mindburst (8)
 t - a wand of flame (37)
 B - a wand of polymorph (2)
 M - a wand of paralysis (4)
 N - a wand of iceblast (5)
Scrolls
 n - 2 scrolls of blinking
 s - a scroll of noise
 u - a scroll of magic mapping
 v - a scroll of brand weapon
 w - 5 scrolls of vulnerability
 x - 2 scrolls of amnesia
 D - 2 scrolls of fog
 E - 3 scrolls of teleportation
 G - 2 scrolls of enchant weapon
 H - a scroll of enchant armour
 J - a scroll of fear
 K - a scroll of identify
Potions
 d - a potion of haste
 j - 3 potions of cancellation
 z - 4 potions of mutation
 A - 2 potions of magic
 F - a potion of brilliance
 I - a potion of attraction
 L - a potion of might


   Skills:
 + Level 10.5 Fighting
 * Level 16.1 Long Blades
 - Level 4.3 Throwing
 + Level 11.7 Dodging
 + Level 10.4 Stealth
 + Level 7.2 Invocations


You had 13 spell levels left.
You didn't know any spells.
Your spell library contained the following spells:

 Spells                   Type           Power      Damage    Failure   Level
 Freeze                   Ice            0%         1d3       30%         1
 Ensorcelled Hibernation  Hex/Ice        0%         N/A       43%         2
 Static Discharge         Conj/Air       0%         N/A       43%         2
 Frozen Ramparts          Ice            0%         1d2       67%         3
 Gell's Gravitas          Tloc           0%         N/A       67%         3
 Lesser Beckoning         Tloc           0%         N/A       67%         3
 Spider Form              Tmut/Pois      0%         N/A       67%         3
 Summon Guardian Golem    Hex/Summ       0%         N/A       67%         3
 Teleport Other           Tloc           0%         N/A       67%         3
 Anguish                  Hex/Necr       0%         N/A       97%         4
 Dispel Undead            Necr           0%         3d6       97%         4
 Fulminant Prism          Conj/Hex       0%         3d6       97%         4
 Hailstorm                Conj/Ice       0%         3d3       97%         4
 Iskenderun's Mystic Bla  Conj/Tloc      0%         2d3       97%         4
 Sticky Flame             Conj/Fire      0%         2d3       97%         4
 Iskenderun's Battlesphe  Conj           0%         2d6       100%        5
 Lee's Rapid Deconstruct  Erth           0%         3d5*      100%        5
 Dispersal                Tloc           0%         N/A       100%        6
 Iron Shot                Conj/Erth      0%         9d1       100%        6
 Orb of Destruction       Conj           0%         9d5       100%        7
 Spellforged Servitor     Conj/Summ      0%         N/A       100%        7


Dungeon Overview and Level Annotations

Branches:
Dungeon (10/15)            Temple (1/1) D:4            Lair (5/6) D:10
  Swamp (0/4) Lair:2        Snake (0/4) Lair:4        Slime (0/5) Lair:5
    Orc (0/2) D:9

Altars:
Ashenzari
Cheibriados
Dithmenos
Elyvilon
Fedhas
Gozag
Kikubaaqudgha
Makhleb
Nemelex Xobeh
Okawaru
Qazlal
Ru
Sif Muna
Trog
Vehumet
Wu Jian
Xom
Yredelemnul
Zin
The Shining One

Shops:
D:4 ?   D:9 !

Annotations:
D:7 2 transporters, jujuben's ghost, novice TrWr
D:10 Maggie


Innate Abilities, Weirdness & Mutations

You have a beak for a mouth.
You have claws for feet.
Your magical nature lets you fly swiftly and evasively.
You are partially covered in large bone plates. (SH +4)
You are robust. (+10% HP)


Message History

A queen bee comes into view.
The queen bee buzzes angrily.
You hit the steam dragon. You burn the steam dragon.
You claw the steam dragon, but do no damage.
You peck the steam dragon, but do no damage.
The steam dragon is moderately wounded.
You feel sick. You block the steam dragon's attack.
The steam dragon completely misses you.
You barely miss the steam dragon.
You claw the steam dragon, but do no damage.
Your peck misses the steam dragon.
The steam dragon is moderately wounded.
Your shadow barely misses the steam dragon.
You feel sick.
Unknown command.
You barely miss the steam dragon. Your kick misses the steam dragon.
Your peck misses the steam dragon.
The steam dragon is moderately wounded.
Your shadow hits the steam dragon with a long sword.
You feel sick. The steam dragon bites you.
* * * LOW HITPOINT WARNING * * *
The steam dragon completely misses you.
The queen bee calls on something to defend it!
You feel better. The steam dragon breathes steam at you.
The ball of steam misses you.
You hear an angry buzzing noise.
You feel better.
You are engulfed in a cloud of scalding steam.
* * * LOW HITPOINT WARNING * * *
The steam dragon completely misses you. The steam dragon barely misses you.
You hear an angry buzzing noise.
You are engulfed in a cloud of scalding steam.
* * * LOW HITPOINT WARNING * * *
Items here: )) [ †.
The yak bellows!
You hear an angry buzzing noise.
A water moccasin comes into view.
The steam dragon breathes steam at you. The ball of steam hits you!
You die...

#........###...###........#..#...
.#.........##.##.........#.##.#..
.#...... #S..Y...##......#.###.#.
#....#.#$.#.....#§.#.#....#. ##.#
#.....#. #.#...#.##.#.....#.###.#
.#...#.# #.#.y.#y###.#...#.###.#.
.#..#.# k#....y#D###.#..#.# .#.#
#...# # # #.....#§# #.#...#..#.#.
.....# #.#...#@## .#.....##.#..
.....# #.#...#.# #. ...........
....#.# F#.....#. .. ...P...
....# # #.#...# #. P.......
.....# #.#.... #. ...#.#.#
......##.#..... .##... ..#....
.#..P.......... ...P.. #.#....
.#. ...P.PP.## ...P.###..... ..#.
.........# #...#.#...8..


You could see a yak, a steam dragon (catching breath), a water moccasin and 2
killer bees.

Vanquished Creatures
  4 hydras
  3 centaur warriors (D:9)
  A two-headed ogre (D:9)
  6 death yaks (Lair:4)
  2 lindwurms
  A deep elf zephyrmancer (D:8)
  A cyclops (D:9)
  5 elephants (Lair:4)
  4 black mambas
  A torpor snail (Lair:2)
  A gargoyle (D:9)
  10 cane toads
  7 rime drakes
  5 komodo dragons
  3 trolls (D:9)
  A hornet (D:9)
  3 meliai
  3 polar bears
  4 slime creatures
  18 blink frogs
  A dream sheep (Lair:4)
  3 shadows (D:9)
  39 yaks
  A vampire (D:7)
  4 basilisks
  5 wyverns
  4 acid dragons
  4 nagas (Lair:4)
  13 water moccasins
  3 orc warriors
  6 black bears
  2 ice beasts (D:7)
  2 sky beasts
  5 centaurs
  An ogre (D:4)
  4 wolves
  2 phantoms (D:5)
  A kobold brigand (D:9)
  7 bullfrogs
  A gnoll sergeant (D:8)
  2 scorpions
  2 necrophages
  Dowan (D:4)
  29 killer bees
  4 howler monkeys
  A jelly (Lair:5)
  A gnoll shaman (D:8)
  4 orc priests
  An iguana (D:6)
  9 orc wizards
  A scorpion zombie (D:3)
  8 gnolls (D:8)
  6 adders
  A river rat (D:10)
  A white imp (D:5)
  2 ufetubi
  An adder zombie (D:3)
  2 worms (D:2)
  2 dart slugs
  35 orcs
  2 bats
  3 endoplasms
  5 giant cockroaches
  6 goblins
  9 hobgoblins
  8 jackals
  3 quokkas
  3 ball pythons
  4 frilled lizards
  5 kobolds
  8 rats
360 creatures vanquished.

Vanquished Creatures (others)
  Duvessa (D:4)
  An orc wizard (D:3)
  11 bushes
  33 fungi
  40 plants
86 creatures vanquished.

Grand Total: 446 creatures vanquished

Notes
Turn   | Place    | Note
-------+----------+-------------------------------------------
     0 | D:1      | Sweeb the Tengu Gladiator began the quest for the Orb.
     0 | D:1      | Reached XP level 1. HP: 12/12 MP: 2/2
   240 | D:1      | Reached XP level 2. HP: 17/17 MP: 3/3
  1006 | D:1      | Reached XP level 3. HP: 21/21 MP: 4/4
  1572 | D:2      | Reached skill level 4 in Long Blades
  1767 | D:2      | Noticed a great orb of eyes
  1769 | D:2      | Found a faded altar of an unknown god.
  1770 | D:2      | Noticed a shining eye
  1770 | D:2      | Noticed an eye of devastation
  1770 | D:2      | Noticed a great orb of eyes
  1827 | D:2      | Reached XP level 4. HP: 26/27 MP: 5/5
  1949 | D:2      | Found a sparkling altar of Nemelex Xobeh.
  2522 | D:3      | Found a sacrificial altar of Ru.
  2574 | D:3      | HP: 1/27 [orc/+0 flail (9)]
  2710 | D:3      | Gained mutation: Your magical nature lets you fly swiftly
                  | and evasively. [Tengu growth]
  2710 | D:3      | Reached XP level 5. HP: 25/32 MP: 6/6
  2781 | D:3      | Found a basalt altar of Yredelemnul.
  3144 | D:4      | Found a staircase to the Ecumenical Temple.
  3153 | Temple   | Entered the Ecumenical Temple
  3168 | Temple   | Became a worshipper of Dithmenos the Shadowed
  3202 | D:4      | Noticed Dowan
  3209 | D:4      | Noticed Duvessa
  3529 | D:4      | Killed Dowan
  3544 | D:4      | Killed Duvessa
  3545 | D:4      | Reached skill level 5 in Long Blades
  3545 | D:4      | Reached XP level 6. HP: 34/37 MP: 7/7
  3708 | D:4      | Identified a scroll of acquirement
  3708 | D:4      | Acquired the ring of Aruplutepn {rElec rC+ rCorr AC+4
                  | Str-3}
  3760 | D:4      | Noticed a wyvern
  3767 | D:4      | Killed a wyvern
  3768 | D:4      | Reached XP level 7. HP: 34/41 MP: 8/8
  3975 | D:4      | Reached skill level 6 in Long Blades
  4019 | D:4      | Found Koragef's Magic Scroll Shoppe.
  4328 | D:5      | Entered Level 5 of the Dungeon
  4345 | D:5      | Reached skill level 5 in Dodging
  4763 | D:5      | Reached XP level 8. HP: 25/48 MP: 9/9
  4767 | D:5      | Reached * piety under Dithmenos
  4768 | D:5      | Reached skill level 7 in Long Blades
  5029 | D:5      | Found an ornate altar of the Wu Jian Council.
  5899 | D:6      | Identified the +2 robe of Vexation {rN+ Will+ Dex+4 Stlth+}
  5948 | D:6      | Reached skill level 1 in Stealth
  6669 | D:7      | Found a transporter.
  6675 | D:7      | Noticed jujuben's ghost (novice TrWr)
  6684 | D:7      | Noticed a catoblepas
  6712 | D:7      | Reached skill level 8 in Long Blades
  6719 | D:7      | Reached skill level 5 in Fighting
  6748 | D:7      | Reached XP level 9. HP: 33/54 MP: 10/10
  7106 | D:7      | Noticed a moth of wrath
  7134 | D:7      | Found a transporter.
  7258 | D:7      | Reached skill level 9 in Long Blades
  7366 | D:7      | Reached ** piety under Dithmenos
  7761 | D:4      | Bought a scroll of brand weapon for 260 gold pieces
  8040 | D:8      | Gained mutation: Your magical capacity is low. (-10% MP)
                  | [potion of mutation]
  8041 | D:8      | Lost mutation: Your magical capacity is low. (-10% MP)
                  | [potion of mutation]
  8041 | D:8      | Gained mutation: You are partially covered in large bone
                  | plates. (SH +4) [potion of mutation]
  8041 | D:8      | Gained mutation: You are robust. (+10% HP) [potion of
                  | mutation]
  8684 | D:8      | Reached skill level 10 in Long Blades
  8815 | D:8      | Noticed a deep elf zephyrmancer
  8822 | D:8      | Killed a deep elf zephyrmancer
  8823 | D:8      | Reached skill level 5 in Stealth
  8823 | D:8      | Reached XP level 10. HP: 66/67 MP: 11/11
  9099 | D:9      | Found a staircase to the Orcish Mines.
  9289 | D:9      | Found Ludest's Distillery.
  9367 | D:9      | Bought a potion of mutation for 136 gold pieces
  9486 | D:9      | Reached skill level 1 in Invocations
  9535 | D:9      | Noticed a two-headed ogre
  9536 | D:9      | Noticed a gargoyle
  9565 | D:9      | Killed a two-headed ogre
  9565 | D:9      | Reached *** piety under Dithmenos
  9566 | D:9      | Reached skill level 11 in Long Blades
  9585 | D:9      | Killed a gargoyle
  9590 | D:9      | Noticed a centaur warrior
  9594 | D:9      | Noticed a centaur warrior
  9594 | D:9      | Identified the ring "Perigekh" {EV+4 Int+3}
  9598 | D:9      | Killed a centaur warrior
  9604 | D:9      | Killed a centaur warrior
  9605 | D:9      | Reached XP level 11. HP: 73/73 MP: 12/14
  9607 | D:9      | Identified the ring of Ylep {Wiz *Slow rF+ rC+ Dex+2}
  9607 | D:9      | Noticed a centaur warrior
  9617 | D:9      | Killed a centaur warrior
  9618 | D:9      | Reached skill level 12 in Long Blades
  9634 | D:9      | Noticed a cyclops
  9657 | D:9      | Killed a cyclops
 10401 | D:10     | Entered Level 10 of the Dungeon
 10500 | D:10     | Noticed a death yak
 10505 | D:10     | Found a staircase to the Lair.
 10505 | D:10     | Noticed Maggie
 10517 | D:10     | Found a burning altar of Makhleb.
 10978 | D:10     | Noticed a death yak
 11102 | D:10     | Noticed a death yak
 11200 | Lair:1   | Entered Level 1 of the Lair of Beasts
 11515 | Lair:1   | Reached **** piety under Dithmenos
 12132 | Lair:1   | Reached skill level 13 in Long Blades
 12795 | Lair:2   | Noticed a five-headed hydra
 12797 | Lair:2   | Found a staircase to the Swamp.
 12804 | Lair:2   | Killed a one-headed hydra
 12805 | Lair:2   | Reached XP level 12. HP: 81/82 MP: 16/16
 12994 | Lair:2   | Identified the +5 flail "Zoav" {vamp, rF- rC+ rN+ Dex+3}
 13225 | Lair:2   | Reached skill level 10 in Dodging
 13433 | Lair:2   | Found an ancient bone altar of Kikubaaqudgha.
 13460 | Lair:2   | Reached skill level 5 in Invocations
 13751 | Lair:2   | Noticed a boulder beetle
 14193 | Lair:3   | Reached skill level 14 in Long Blades
 14502 | Lair:3   | Reached ***** piety under Dithmenos
 14993 | Lair:3   | Reached XP level 13. HP: 64/88 MP: 18/18
 15437 | Lair:4   | Found a staircase to the Snake Pit.
 16649 | Lair:4   | Reached skill level 15 in Long Blades
 17007 | Lair:4   | Reached skill level 10 in Fighting
 17715 | Lair:5   | Found a staircase to the Slime Pits.
 18101 | Lair:5   | Reached skill level 10 in Stealth
 18532 | Lair:5   | Reached ****** piety under Dithmenos
 18602 | Lair:5   | Reached XP level 14. HP: 44/96 MP: 20/20
 18653 | Lair:5   | Reached skill level 16 in Long Blades
 18689 | Lair:5   | Killed from afar by a steam dragon

Illustrated notes

Levels and vault maps discovered:
D:1:      minmay_arrival_widening_spiral_narrow, layout_basic, item_on_display_a
D:2:      layout_basic, basic_altar, hellmonk_ecumenical_altar_watching_god
D:3:      layout_loops_ring, mainiacjoe_overflow_catwalk,
          nzn_hepliaklqana_mist_gate, lemuel_zombie_altar_yredelemnul,
          minmay_crystal_water, serial_park_tiny_pond
D:4:      layout_gridville, minmay_temple_entry_water_ring, serial_shops, shop,
          eino_small_chamber_without_monster, kennysheep_generic_room_16,
          uniq_duvessa
D:5:      layout_layer_cave, mainiacjoe_overflow_boulevard,
          kb_lookout_dungeons_type
D:6:      layout_basic
D:7:      layout_loops_cross, gammafunk_ghost_berserking_beasts
D:8:      layout_gridville, minivault_22, guppyfry_early_elven_hall
D:9:      minmay_the_grid_triangle_9x9_rhombus_full
          [minmay_the_grid_triangle_9x9_odd_lines,
          minmay_the_grid_triangle_9x9_corrupted_corridor,
          minmay_the_grid_triangle_9x9_minimal,
          minmay_the_grid_triangle_9x9_thin_v,
          minmay_the_grid_triangle_9x9_swiss_cheese,
          minmay_the_grid_triangle_9x9_negative_grid,
          minmay_the_grid_triangle_9x9_zippers_vertical,
          minmay_the_grid_triangle_9x9_prize_center], layout_cave_pools,
          serial_shops, shop_fountains
D:10:     layout_small_grid, lemuel_tele_altar, nicolae_uskayaw_dance_studio,
          dpeg_lair_monsters, minivault_25, chequers_serial_rivers_room_a,
          uniq_maggie
Temple:   lightli_temple_of_artemis
Lair:1:   layout_regular_city
Lair:2:   layout_long_grid, minmay_swamp_entry_eels, basic_altar,
          beast_lair_carwin_10
Lair:3:   layout_cave_pods, nicolae_lair_lindhole
Lair:4:   layout_cave_pods, guppyfry_snake_entry_garden,
          grunt_forest_large_clearing_hut
Lair:5:   regret_index_bee_streams, layout_small_grid,
          minmay_slime_entry_pillars, serial_bayou_shore_b,
          serial_bayou_shore_b, grunt_megastairs_3

Skill      XL: |  1  2  3  4  5  6  7  8  9 10 11 12 13 14 |
---------------+-------------------------------------------+-----
Long Blades    | 4 5 6 8 10 11 13 14 15 16 | 16.1
Dodging        | 4 5 6 7 8 9 10 11 | 11.7
Throwing       | 3 4 |  4.3
Fighting       | 3 4 5 6 7 8 9 10 | 10.5
Stealth        | 2 5 6 7 9 10 | 10.4
Invocations    | 2 4 5 7 |  7.2

Action                   |  1- 3 |  4- 6 |  7- 9 | 10-12 | 13-15 || total
-------------------------+-------+-------+-------+-------+-------++-------
Melee: Long sword        |    69 |    80 |   302 |   455 |   387 ||  1293
       Kick              |    19 |    15 |    80 |   185 |   170 ||   469
       Peck              |    11 |    12 |    63 |   143 |    93 ||   322
       Punch             |       |     1 |     2 |     7 |     8 ||    18
Throw: Throwing net      |       |     2 |     1 |       |       ||     3
  Use: Scroll            |     1 |     6 |    10 |     9 |     1 ||    27
       Potion            |       |     6 |     2 |     3 |     9 ||    20
 Stab: Sleeping          |     4 |       |     6 |    18 |    13 ||    41
       Invisible         |       |     2 |       |       |       ||     2
       Held in net/web   |       |       |     1 |       |       ||     1
       Distracted        |       |       |       |     1 |     2 ||     3
Armor: Leather armour    |    10 |    14 |    35 |       |       ||    59
       Skin              |       |    27 |       |       |       ||    27
       Robe              |       |       |    32 |    29 |    22 ||    83
Dodge: Dodged            |    42 |    56 |   296 |   378 |   336 ||  1108
Block: Other             |       |       |     9 |    59 |    64 ||   132

Table legend: (Time is in decaauts)
 A = Elapsed time spent in this place.
 B = Non-inter-level travel time spent in this place.
 C = Inter-level travel time spent in this place.
 D = Time resting spent in this place.
 E = Time spent auto-exploring this place.
 F = Levels seen in this place.
 G = Mean time per level.
                   A        B        C        D        E       F      G
               +--------+--------+--------+--------+--------+-----+--------+
         Total |  17577 |  16737 |    840 |   4447 |   8993 |  16 | 1098.6 |
       Dungeon |  10370 |   9902 |    468 |   2515 |   5574 |  10 | 1037.0 |
        Temple |    311 |    299 |     12 |    184 |     73 |   1 |  311.0 |
          Lair |   6895 |   6536 |    359 |   1748 |   3345 |   5 | 1379.0 |
               +--------+--------+--------+--------+--------+-----+--------+

Top non-repeatable levels by time:
  Lair:4: 1801 daAuts
  Lair:1: 1640 daAuts
     D:1: 1474 daAuts
     D:5: 1467 daAuts
  Lair:3: 1459 daAuts
     D:9: 1210 daAuts
     D:8: 1098 daAuts
     D:7: 1060 daAuts
  Lair:5: 1002 daAuts
  Lair:2: 991 daAuts
     D:3: 863 daAuts
     D:4: 836 daAuts
     D:6: 823 daAuts
     D:2: 806 daAuts
    D:10: 729 daAuts
